 Dungeon Crawl Stone Soup version 0.23.1 (webtiles) character file.

Game seed: 14904295193006625337

256 teukkam the Covered (level 5, 0/48 HPs)
             Began as a Minotaur Fighter on Mar 12, 2019.
             Killed by nerve-wracking pain
             ... invoked by Grinder
              (5 damage)
             ... on level 6 of the Dungeon.
             The game lasted 00:03:54 (973 turns).

teukkam the Covered (Minotaur Fighter)               Turns: 973, Time: 00:03:55

Health: 0/48       AC:  7    Str: 22    XL:     5   Next: 92%
Magic:  4/4        EV:  7    Int:  5    God:
Gold:   81         SH: 10    Dex:  9    Spells: 4/4 levels left

rFire    . . .     SeeInvis .   a - +0 rapier (venom)
rCold    . . .     Gourm    .   c - +0 shield
rNeg     . . .     Faith    .   b - +0 scale mail
rPois    .         Spirit   .   (helmet restricted)
rElec    .         Reflect  .   (no cloak)
rCorr    .         Harm     .   (no gloves)
MR       .....                  (no boots)
Stlth    ..........             (no amulet)
HPRegen  0.16/turn              (no ring)
MPRegen  0.09/turn              (no ring)

@: no status effects
A: retaliatory headbutt, horns 2
a: no special abilities


You were on level 6 of the Dungeon.
You were not hungry.

You visited 1 branch of the dungeon, and saw 6 of its levels.

You collected 81 gold pieces.

Inventory:

Hand Weapons
 a - a +0 rapier of venom (weapon)
 k - a +0 hunting sling
 n - a +1 dagger of flaming
 o - a +0 war axe
Armour
 b - a +0 scale mail (worn)
 c - a +0 shield (worn)
 d - a cursed +0 cloak
Wands
 l - a wand of polymorph (11)
Scrolls
 e - a scroll of teleportation
 h - a scroll of identify
 i - 2 scrolls of amnesia
 j - 3 scrolls of enchant armour {unknown}
 m - a scroll of remove curse {unknown}
Comestibles
 f - 5 rations


   Skills:
 + Level 5.1 Fighting
 + Level 1.2 Short Blades
 - Level 3.9 Axes
 + Level 5.1 Armour
 + Level 5.0 Shields


You had 4 spell levels left.
You didn't know any spells.
Your spell library was empty.

Dungeon Overview and Level Annotations

Branches:
Dungeon (6/15)
 Temple: D:4-7

Altars:

Shops:
D:6 *

Annotations:
D:6 Grinder


Innate Abilities, Weirdness & Mutations

You reflexively headbutt those who attack you in melee.
You have a pair of horns on your head.


Message History

You hit Grinder but do no damage.
Grinder is moderately wounded.
You block Grinder's attack.
You puncture Grinder!
Grinder is heavily wounded.
Grinder hits you but does no damage.
You hit Grinder but do no damage. You headbutt Grinder.
Grinder is heavily wounded.
Grinder hits you.
* * * LOW HITPOINT WARNING * * *
You writhe in agony.
* * * LOW HITPOINT WARNING * * *
Grinder hits you but does no damage.
As you read the scroll labeled WUNULE RORR, it crumbles to dust.
It is a scroll of identify.
i - 2 scrolls of amnesia You block Grinder's attack.
Grinder gestures at you. Pain shoots through your body!
You die...

... #.........# #.....
.#...#.........# #.....
......#.........###.....
........................ .
...............#.......
.(####...#...........#.....
...................# #.....
#......#..>......###.....
##......@.....(..#.....##
#.....5.#.......).)......
#.........#.....#..)).....
#........∩##.####.........
....>.....[##... #.........
##.........###...#....[....
...........# .......<.....
###......... ...#.........
?..).....## ...##........


You could see Grinder.

Vanquished Creatures
  A bullfrog zombie (D:5)
  A jelly (D:5)
  An iguana (D:6)
  An orc wizard (D:6)
  2 worker ants (D:5)
  2 hound zombies
  3 gnolls (D:6)
  An adder (D:6)
  A shadow imp (D:6)
  An adder skeleton (D:5)
  A dart slug (D:5)
  2 leopard geckos
  An orc (D:5)
  A giant cockroach (D:5)
  6 jackals
  A kobold (D:1)
  A quokka (D:5)
  A ball python (D:1)
  A rat (D:1)
29 creatures vanquished.

Notes
Turn   | Place    | Note
-------+----------+-------------------------------------------
     0 | D:1      | teukkam the Minotaur Fighter began the quest for the Orb.
     0 | D:1      | Reached XP level 1. HP: 19/19 MP: 0/0
   409 | D:4      | Reached XP level 2. HP: 21/27 MP: 1/1
   493 | D:5      | Entered Level 5 of the Dungeon
   499 | D:5      | Reached XP level 3. HP: 22/33 MP: 2/2
   534 | D:5      | Noticed a centaur
   542 | D:5      | Reached XP level 4. HP: 16/41 MP: 3/3
   620 | D:5      | Reached XP level 5. HP: 10/47 MP: 4/4
   659 | D:5      | Noticed a slave
   660 | D:5      | Noticed a slave
   660 | D:5      | Noticed a slave
   941 | D:6      | Reached skill level 5 in Fighting
   941 | D:6      | Reached skill level 5 in Armour
   942 | D:6      | Reached skill level 1 in Short Blades
   942 | D:6      | Reached skill level 5 in Shields
   950 | D:6      | Found Cuf Hual's Assorted Antiques.
   955 | D:6      | Noticed Grinder
   973 | D:6      | Killed from afar by Grinder

Skill      XL: |  1  2  3  4  5 |
---------------+----------------+-----
Fighting       | 4 5 |  5.1
Axes           | 3 |  3.9
Armour         | 4 5 |  5.1
Shields        | 4 5 |  5.0
Short Blades   | 1 |  1.2

Action                   |  1- 3 |  4- 6 || total
-------------------------+-------+-------++-------
Melee: War axe           |    27 |    25 ||    52
       Headbutt          |     3 |    12 ||    15
       Rapier            |       |    34 ||    34
  Use: Scroll            |     1 |     1 ||     2
       Potion            |       |     3 ||     3
Armor: Scale mail        |    10 |    27 ||    37
Dodge: Dodged            |     9 |    14 ||    23
Block: Shield            |    21 |    36 ||    57
